 Dungeon Crawl Stone Soup version 0.27-a0-148-g9515ab555c (webtiles) character file.

Game seed: 5478271160182584785

1810 sahdkjhfkaj the Carver (level 8, -2/72 HPs)
             Began as a Palentonga Chaos Knight on Jan 26, 2021.
             Was a Plaything of Xom.
             Killed by divine providence
             ... invoked by an orc priest
              (13 damage)
             ... on level 8 of the Dungeon.
             The game lasted 00:08:21 (7822 turns).

sahdkjhfkaj the Carver (Palentonga Chaos Knight)    Turns: 7822, Time: 00:08:22

Health: -2/72      AC: 14    Str: 17    XL:     8   Next: 84%
Magic:  8/8        EV:  1    Int: 12    God:    Xom [...*..]
Gold:   596        SH: 18    Dex: 11    Spells: 7/7 levels left

rFire    . . .     SeeInvis +   a - +0 falchion (chaos)
rCold    + . .     Faith    .   e - +0 tower shield
rNeg     . . .     Spirit   .   A - +0 chain mail
rPois    .         Reflect  +   (helmet restricted)
rElec    +         Harm     .   (no cloak)
rCorr    .         Rampage  .   (no gloves)
Will     +....     Clarity  +   (no barding)
Stlth    ..........             r - amulet of reflection
HPRegen  0.22/turn              q - ring of protection from cold
MPRegen  0.11/turn              y - ring of willpower

@: mighty, curled up
A: large, beak, stinger 1, rugged brown scales 3, see invisible, blink, clarity,
deformed body, electricity resistance, roll 2, armoured tail, reflexive curl
a: Rolling Charge, Blink, Renounce Religion


You were on level 8 of the Dungeon.
You worshipped Xom.
You were a favourite toy of Xom.
You visited 1 branch of the dungeon, and saw 8 of its levels.

You collected 596 gold pieces.

Inventory:

Hand Weapons
 a - a +0 falchion of chaos (weapon)
Armour
 e - a +0 tower shield (worn)
 x - a +2 helmet
 A - a +0 chain mail (worn)
Jewellery
 q - a ring of protection from cold (left hand)
 r - an amulet of reflection (around neck)
 y - a ring of willpower (right hand)
Wands
 t - a wand of polymorph (9)
 v - a wand of mindburst (4)
Scrolls
 d - 2 scrolls of amnesia
 f - 2 scrolls of identify
 k - a scroll of fear
 m - 5 scrolls of teleportation {!r}
 n - 3 scrolls of enchant weapon
 o - 3 scrolls of remove curse
 p - 2 scrolls of fog
 w - a scroll of noise {unknown}
 z - a scroll of enchant armour {unknown}
 B - a scroll of magic mapping {unknown}
 E - 3 scrolls of holy word {!r}
Potions
 b - 3 potions of ambrosia {unknown}
 c - a potion of berserk rage {unknown}
 g - a potion of lignification
 h - 2 potions of might
 i - 2 potions of invisibility {unknown}
 j - 2 potions of curing
 l - 4 potions of brilliance {unknown}
 s - 2 potions of attraction {unknown}
 u - 2 potions of haste {unknown}
 C - a potion of cancellation {unknown}
 D - a potion of magic {unknown}


   Skills:
 - Level 5.2 Fighting
 + Level 8.4 Long Blades
 - Level 1.5 Armour
 - Level 0.7 Dodging
 - Level 4.3 Shields
 - Level 4.0 Evocations


You had 7 spell levels left.
You didn't know any spells.
Your spell library contained the following spells:

 Spells                   Type           Power        Failure   Level
 Corona                   Hex            0%           100%        1
 Summon Small Mammal      Summ           0%           100%        1
 Call Imp                 Summ           0%           100%        2
 Ensorcelled Hibernation  Hex/Ice        0%           100%        2
 Call Canine Familiar     Summ           0%           100%        3
 Confusing Touch          Hex            0%           100%        3
 Dazzling Flash           Conj/Hex       0%           100%        3
 Summon Guardian Golem    Hex/Summ       0%           100%        3
 Tukima's Dance           Hex            0%           100%        3
 Summon Ice Beast         Ice/Summ       0%           100%        4
 Summon Lightning Spire   Summ/Air       0%           100%        4


Dungeon Overview and Level Annotations

Branches:
Dungeon (8/15)             Temple (0/1) D:5
   Lair: D:8-11

Altars:
Ashenzari
Dithmenos
Elyvilon
Fedhas
Hepliaklqana
Okawaru
Ru
Sif Muna
Trog
Zin
The Shining One

Shops:
D:4 [[}

Annotations:
D:3 1 runed translucent door, foci's ghost, amateur GrGl
D:4 3 runed translucent doors, swinepaste's ghost, weakling HODe
D:6 1 runed translucent door, shakesphere1979's ghost, novice BaFi


Innate Abilities, Weirdness & Mutations

You are completely covered in rugged brown scales. (AC +3, +7% HP)
You have supernaturally acute eyesight. (SInv)
Armour fits poorly on your strangely shaped body.
You can roll at foes to attack.
You have a long armoured tail.
You curl defensively after being hit.
You have a beak for a mouth.
Your tail ends in a poisonous barb.
You can translocate small distances at will.
You possess an exceptional clarity of mind.
You are resistant to electric shocks. (rElec)


Message History

You kill the orc wizard!
You block the orc warrior's attack.
Unknown command.
You closely miss the orc warrior. Your peck misses the orc warrior.
You block the orc warrior's attack.
Unknown command.
You hit the orc warrior.
The orc warrior is lightly wounded.
The orc warrior hits you but does no damage.
Unknown command.
You closely miss the orc warrior. You peck the orc warrior.
The orc warrior is moderately wounded.
Something hits your butterfly!
Your butterfly dies!
You block the orc warrior's attack.
You swap places.
The orc priest invokes the aid of Beogh against you.
Beogh smites you!
You die...
Xom cackles wildly!

.....#. .........#
..s......#
.........#
......(.##########
#..b...##........
##....os##@#
##.....oyo5b#
.......so####
.....b...#
###......#
##...#.. #####.##
#.l #..


You could see a queen bee, an orc warrior, a scorpion, an orc priest, an orc and
a friendly white imp (summoned).

Vanquished Creatures
  A steam dragon (D:5)
  2 ice beasts
  A swamp drake (D:6)
  A phantom (D:5)
  3 ogres
  A centaur (D:7)
  Blork the orc (D:6)
  2 bullfrogs (D:7)
  2 scorpions (D:5)
  A howler monkey (D:4)
  A quasit (D:5)
  An orc priest (D:6)
  A centaur skeleton (D:5)
  An orc wizard (D:8)
  2 bullfrog skeletons (D:5)
  An iguana (D:5)
  4 worker ants
  A howler monkey zombie (D:6)
  6 adders
  A white imp (D:5)
  An ufetubus (D:6)
  2 adder skeletons (D:6)
  An adder zombie (D:5)
  A worm (D:3)
  2 dart slugs
  5 leopard geckos
  7 orcs
  2 ball pythons
  13 bats
  4 giant cockroaches
  7 hobgoblins
  7 jackals
  4 quokkas
  4 frilled lizards
  7 goblins
  4 kobolds
  A leopard gecko zombie (D:6)
  A quokka skeleton (D:5)
  3 rats
110 creatures vanquished.

Vanquished Creatures (collateral kills)
  An ice beast (D:7)
  An orc priest (D:6)
  3 orc wizards (D:6)
  5 orcs (D:6)
10 creatures vanquished.

Vanquished Creatures (others)
  An orc wizard (D:6)
  2 orcs (D:6)
  2 withered plants (D:6)
5 creatures vanquished.

Grand Total: 125 creatures vanquished

Notes
Turn   | Place    | Note
-------+----------+-------------------------------------------
     0 | D:1      | sahdkjhfkaj the Palentonga Chaos Knight began the quest for
                  | the Orb.
     0 | D:1      | Reached XP level 1. HP: 20/20 MP: 1/1
   189 | D:1      | Reached XP level 2. HP: 27/27 MP: 2/2
   651 | D:1      | Reached XP level 3. HP: 35/35 MP: 3/3
   654 | D:1      | XOM: silly message
   962 | D:2      | XOM: divination: detect items
   980 | D:2      | Found a blossoming altar of Fedhas.
  1140 | D:2      | Found an iron altar of Okawaru.
  1276 | D:2      | Reached skill level 1 in Shields
  1305 | D:2      | XOM: god gift: 39 gold pieces
  1316 | D:2      | Found a hazy altar of Hepliaklqana.
  1600 | D:2      | XOM: cloud trail
  1823 | D:3      | Found a broken altar of Ashenzari.
  1848 | D:3      | Found a shadowy altar of Dithmenos.
  1849 | D:3      | Found a bloodstained altar of Trog.
  1900 | D:3      | Found a sacrificial altar of Ru.
  1901 | D:3      | Found a white marble altar of Elyvilon.
  1944 | D:3      | Found a glowing silver altar of Zin.
  1972 | D:3      | Reached XP level 4. HP: 38/42 MP: 4/4
  2068 | D:3      | XOM: chaos upgrade
  2114 | D:3      | Found a runed translucent door.
  2114 | D:3      | Noticed foci's ghost (amateur GrGl)
  2151 | D:3      | XOM: god gift: 2 silver javelins
  2391 | D:4      | Noticed a yak
  2393 | D:4      | Found a runed translucent gate.
  2393 | D:4      | Found a runed translucent gate.
  2393 | D:4      | Found a runed translucent gate.
  2393 | D:4      | Noticed swinepaste's ghost (weakling HODe)
  2502 | D:4      | XOM: noise
  2633 | D:4      | Found Belamep's Gadget Shop.
  2636 | D:4      | Found Ceqog's Antique Armour Emporium.
  2681 | D:4      | Found Zuocziho's Armour Boutique.
  2696 | D:4      | Reached XP level 5. HP: 33/49 MP: 5/5
  2828 | D:4      | Reached skill level 4 in Long Blades
  2828 | D:4      | Reached skill level 1 in Evocations
  3638 | D:5      | Entered Level 5 of the Dungeon
  3717 | D:5      | Found a staircase to the Ecumenical Temple.
  3769 | D:5      | XOM: god gift: wand of mindburst (4)
  3904 | D:5      | Noticed a phantom
  3918 | D:5      | Killed a phantom
  3919 | D:5      | Reached XP level 6. HP: 56/56 MP: 6/6
  3932 | D:5      | XOM: enchant monster (bad)
  3933 | D:5      | XOM: confusion (+ monsters)
  4126 | D:5      | XOM: butterfly on damage
  4142 | D:5      | XOM: polymorph butterfly -> wyvern
  4232 | D:5      | XOM: 8-stop teleportation journey
  4257 | D:5      | Found a glowing golden altar of the Shining One.
  4265 | D:5      | XOM: god gift: scroll labelled GIC NUUPHAT {god gift}
  4869 | D:6      | Noticed an orc warrior
  4870 | D:6      | XOM: confuse monster(s)
  4905 | D:5      | XOM: confuse monster(s)
  4909 | D:5      | Noticed a steam dragon
  4909 | D:5      | an orc warrior changed into a steam dragon
  4912 | D:5      | Killed a steam dragon
  4913 | D:5      | Gained mutation: You curl defensively after being hit.
                  | [Palentonga growth]
  4913 | D:5      | Reached XP level 7. HP: 27/64 MP: 7/7
  4964 | D:5      | XOM: god gift: 3 scrolls labelled UNWEUP KIANTY {god gift}
  4968 | D:5      | XOM: cloud trail
  4985 | D:5      | Reached skill level 5 in Fighting
  5129 | D:5      | XOM: confuse monster(s)
  5398 | D:6      | XOM: chaos upgrade
  5408 | D:6      | XOM: noise
  5452 | D:6      | XOM: 3-stop teleportation journey
  5593 | D:6      | XOM: 1-stop teleportation journey
  5846 | D:6      | Found a runed translucent door.
  5846 | D:6      | Noticed shakesphere1979's ghost (novice BaFi)
  5876 | D:6      | XOM: summons 1 hostile demon
  5879 | D:6      | Reached skill level 5 in Long Blades
  5879 | D:6      | Reached XP level 8. HP: 45/72 MP: 8/8
  6038 | D:6      | Found a shimmering blue altar of Sif Muna.
  6231 | D:6      | XOM: 4-stop teleportation journey
  6490 | D:6      | XOM: give mutations
  6490 | D:6      | Gained mutation: You have a beak for a mouth. [Xom's grace]
  6490 | D:6      | Gained mutation: You can roll at foes to attack. [Xom's
                  | grace]
  6490 | D:6      | Gained mutation: You can translocate small distances at
                  | will. [Xom's grace]
  6490 | D:6      | Gained mutation: You possess an exceptional clarity of
                  | mind. [Xom's grace]
  6517 | D:6      | XOM: god gift: book of Callings
  6649 | D:6      | XOM: destruction
  6703 | D:6      | Noticed Blork the orc
  6711 | D:6      | Killed Blork the orc
  6712 | D:6      | Reached skill level 6 in Long Blades
  7126 | D:7      | XOM: summons 8 friendly demons
  7128 | D:7      | Reached skill level 7 in Long Blades
  7132 | D:7      | XOM: polymorph shadow imp -> white imp
  7203 | D:7      | XOM: potion effect (brilliance)
  7440 | D:7      | Reached skill level 8 in Long Blades
  7655 | D:7      | XOM: give mutation
  7733 | D:7      | XOM: give mutations
  7733 | D:7      | Gained mutation: You are resistant to electric shocks.
                  | (rElec) [Xom's grace]
  7733 | D:7      | Gained mutation: Your tail ends in a poisonous barb. [Xom's
                  | grace]
  7805 | D:8      | Noticed a queen bee
  7805 | D:8      | a wyvern changed into a queen bee
  7805 | D:8      | XOM: polymorph wyvern -> queen bee
  7812 | D:8      | XOM: summons 2 friendly demons
  7813 | D:8      | XOM: butterfly on damage
  7822 | D:8      | Killed from afar by an orc priest

Illustrated notes

Levels and vault maps discovered:
D:1:      ebering_trefoil_3fold, layout_basic, serial_bayou_pond_c
D:2:      layout_loops_ring, lemuel_doored_altar, nzn_hepliaklqana_mist_gate,
          okawaru_trees_2
D:3:      layout_rooms, cheibrodos_ashenzari_chains,
          gammafunk_temple_overflow_statue, nicolae_overflow_crystal_walls,
          lemuel_round_altar, ebering_ghost_reflecting_pool,
          grunt_dithmenos_smoke_and_mirrors
D:4:      minmay_diamond_boxcup, layout_basic, serial_shops,
          nicolae_shop_temple_entry_statues_fountains, shop, shop,
          gammafunk_ghost_split
D:5:      layout_layer_cave, minmay_temple_entry_crystal_x,
          nicolae_tso_swordbearing_angel
D:6:      layout_cave_pods, gammafunk_ghost_grave, palyth_stone_intersect,
          tgw_sif, uniq_blork_the_orc
D:7:      layout_gridville
D:8:      layout_rooms, demons_altar, lemuel_round_altar

Skill      XL: |  1  2  3  4  5  6  7  8 |
---------------+-------------------------+-----
Shields        | 1 2 3 4 |  4.3
Fighting       | 4 5 |  5.2
Long Blades    | 4 5 8 |  8.4
Evocations     | 2 3 4 |  4.0
Armour         | |  1.5
Dodging        | |  0.7

Action                   |  1- 3 |  4- 6 |  7- 9 || total
-------------------------+-------+-------+-------++-------
Melee: Falchion          |   122 |   138 |   167 ||   427
       Tailslap          |    11 |    16 |    15 ||    42
       Peck              |       |       |    12 ||    12
 Abil: Rolling Charge    |       |     1 |       ||     1
  Use: Scroll            |     4 |     4 |     1 ||     9
       Potion            |       |     1 |     2 ||     3
 Stab: Confused          |       |     1 |       ||     1
       Petrified         |       |       |     1 ||     1
Armor: Leather armour    |    73 |    76 |     8 ||   157
       Skin              |       |     4 |    20 ||    24
       Chain mail        |       |       |    90 ||    90
Dodge: Dodged            |    36 |    28 |    12 ||    76
Block: Tower shield      |    74 |   155 |   223 ||   452
       Reflection        |       |     1 |     5 ||     6
       Rpst.: Falchion   |    12 |     8 |     2 ||    22

Table legend: (Time is in decaauts)
 A = Elapsed time spent in this place.
 B = Non-inter-level travel time spent in this place.
 C = Inter-level travel time spent in this place.
 D = Time resting spent in this place.
 E = Time spent auto-exploring this place.
 F = Levels seen in this place.
 G = Mean time per level.
                   A        B        C        D        E       F      G
               +--------+--------+--------+--------+--------+-----+--------+
         Total |   8023 |   7809 |    214 |    402 |   6212 |   8 | 1002.9 |
       Dungeon |   8023 |   7809 |    214 |    402 |   6212 |   8 | 1002.9 |
               +--------+--------+--------+--------+--------+-----+--------+

Top non-repeatable levels by time:
     D:5: 1722 daAuts
     D:6: 1692 daAuts
     D:4: 1294 daAuts
     D:2: 966 daAuts
     D:1: 906 daAuts
     D:7: 826 daAuts
     D:3: 581 daAuts
     D:8: 31 daAuts
